 Dungeon Crawl Stone Soup version 0.28-a0-439-g4cf4cd4993 (webtiles) character file.

Game seed: 14371013361815963549

22 Astera the Magician (level 2, -2/19 HPs)
             Began as a Demonspawn Hedge Wizard on Sept 11, 2021.
             Slain by an adder (4 damage)
             ... on level 1 of the Dungeon.
             The game lasted 00:02:17 (1915 turns).

Astera the Magician (Demonspawn Hedge Wizard)       Turns: 1915, Time: 00:02:17

Health: -2/19      AC:  2    Str: 10    XL:     2   Next: 68%
Magic:  6/6        EV: 12    Int: 15    God:
Gold:   21         SH:  4    Dex: 12    Spells: 7/8 levels left

rFire   . . .      SeeInvis .   a - +0 dagger
rCold   . . .      Faith    .   (no shield)
rNeg    . . .      Spirit   .   b - +0 robe
rPois   .          Reflect  .   c - +0 hat
rElec   .          Harm     .   (no cloak)
rCorr   .          Rampage  .   (no gloves)
Will    .....                   (no boots)
Stlth   ++........              (no amulet)
HPRegen 0.06/turn               (no ring)
MPRegen 0.10/turn               (no ring)

@: no status effects
A: condensation shield
a: no special abilities


You were on level 1 of the Dungeon.
You visited 1 branch of the dungeon, and saw 2 of its levels.

You collected 21 gold pieces.

Inventory:

Hand Weapons
 a - a +0 dagger (weapon)
Armour
 b - a +0 robe (worn)
 c - a +0 hat (worn)
Jewellery
 d - a +6 ring of intelligence
Scrolls
 e - a scroll of blinking {unknown}
 g - a scroll of vulnerability {unknown}
Potions
 f - 2 potions of might {unknown}


   Skills:
 + Level 0.2 Fighting
 + Level 2.2 Dodging
 + Level 1.8 Stealth
 + Level 3.5 Spellcasting
 + Level 1.0 Conjurations
 + Level 1.0 Summonings
 + Level 0.8 Translocations


You had 7 spell levels left.
You knew the following spells:

 Your Spells              Type           Power      Damage    Failure   Level
a - Magic Dart            Conj           20%        1d4       13%         1

Your spell library contained the following spells:

 Spells                   Type           Power      Damage    Failure   Level
 Call Imp                 Summ           5%         N/A       19%         2
 Blink                    Tloc           N/A        N/A       21%         2
 Slow                     Hex            2%         N/A       28%         2
 Conjure Flame            Conj/Fire      4%         6-21      43%         3
 Mephitic Cloud           Conj/Pois/Air  3%         N/A       45%         3


Dungeon Overview and Level Annotations

Branches:
Dungeon (2/15)

Altars:

Shops:
D:1 (


Innate Abilities, Weirdness & Mutations

A meltable shield of frost defends you. (SH +4)


Message History

The hobgoblin is almost dead.
The hobgoblin closely misses you.
You hit the hobgoblin.
You kill the hobgoblin!
You hit the kobold but do no damage. The kobold closely misses you.
You hit the kobold but do no damage.
The kobold hits you with a +0 short sword.
The endoplasm quivers.
You hit the kobold.
You kill the kobold!
You barely miss the ball python. The ball python misses you.
The ball python barely misses you.
You closely miss the ball python. The ball python closely misses you.
The ball python grabs you. The ball python constricts you.
The ball python bites you but does no damage.
The ball python constricts you.
You closely miss the ball python. The ball python bites you.
The ball python constricts you.
The adder hisses angrily.
You hit the ball python.
You kill the ball python!
The adder bites you.
You are poisoned.
The adder poisons you!
You feel sick.
You feel sick.
There is a stone staircase leading up here.
You feel sick. The adder misses you. The adder closely misses you.
You climb upwards.
You feel sick.
There is a stone staircase leading down here.
You hit the adder.
The adder is moderately wounded.
You feel sick.
You are no longer poisoned.
The adder bites you.
* * * LOW HITPOINT WARNING * * *
You hit the adder.
The adder is heavily wounded.
The adder bites you.
You die...

.# #.##..♣.♣..#
.####......♣...#
...............#
########.####.##
#.# #.# #.#
#.####
#.####....#
#......##.#
#..######@# #..#
#S# ########..#
#.# ..........#
#.# #########.#
#.# #.# #.#
#####.# #.#
#.(...# #.#
#.##### #.#


You could see an adder.

Vanquished Creatures
  4 ball pythons
  2 endoplasms (D:1)
  4 hobgoblins
  2 kobolds
  2 quokkas (D:1)
  3 bats (D:1)
  A frilled lizard (D:1)
  A rat (D:1)
19 creatures vanquished.

Notes
Turn   | Place    | Note
-------+----------+-------------------------------------------
     0 | D:1      | Astera the Demonspawn Hedge Wizard began the quest for the
                  | Orb.
     0 | D:1      | Reached XP level 1. HP: 13/13 MP: 4/4
   584 | D:1      | Found Keneum's Weapon Boutique.
   890 | D:1      | Gained mutation: A meltable shield of frost defends you.
                  | (SH +4) [demonic ancestry]
   890 | D:1      | Reached XP level 2. HP: 18/19 MP: 6/6
  1915 | D:1      | Slain by an adder

Illustrated notes

Levels and vault maps discovered:
D:1:      dpeg_arrival_rooms_a, layout_loops_ring, serial_shops,
          nicolae_diamond_shop
D:2:      layout_basic, dreamdust_ecumenical_altar_statues, basic_altar

Skill      XL: |  1 |
---------------+----+-----
Dodging        | 2 |  2.2
Fighting       | |  0.2
Stealth        | |  1.8
Spellcasting   | |  3.5
Conjurations   | |  1.0
Summonings     | |  1.0
Translocations | |  0.8

Action                   || total
-------------------------++-------
Melee: Dagger            ||   102
 Stab: Sleeping          ||     2
Armor: Robe              ||    23
Dodge: Dodged            ||    75
Block: Other             ||     9

Table legend: (Time is in decaauts)
 A = Elapsed time spent in this place.
 B = Non-inter-level travel time spent in this place.
 C = Inter-level travel time spent in this place.
 D = Time resting spent in this place.
 E = Time spent auto-exploring this place.
 F = Levels seen in this place.
 G = Mean time per level.
                   A        B        C        D        E       F      G
               +--------+--------+--------+--------+--------+-----+--------+
         Total |   1917 |   1872 |     45 |    254 |   1383 |   2 |  958.5 |
       Dungeon |   1917 |   1872 |     45 |    254 |   1383 |   2 |  958.5 |
               +--------+--------+--------+--------+--------+-----+--------+

Top non-repeatable levels by time:
     D:1: 1887 daAuts
     D:2: 29 daAuts
